AoeStats
← Mycorrhizal

Lombardia

508712800Analyzed
3v3 RM · 8d ago on Sep 23, 2026· 16m 36s· 6 players
Game mode
Random Map
Map size
Normal (6 player)
Population
200
Speed
Normal
Resources
Standard
Victory
Conquest
Starting age
Dark Age
Ending age
Imperial Age
RankedLock teamsTeams togetherTeam positionsShared explorationLock speedFull tech treeHidden civsTurbo modeCheats
Victory
Defeat
🇩🇪 Sicilians · Germany
1494
+16
🇩🇪 Saxons · Germany
1442
+18
🇩🇪 Magyars · Germany
1412
+19
🇩🇪 Aztecs · Germany
1551
-20
🇪🇸 Slavs · Spain
1472
-17
🇨🇦 Tatars · Canada
1452
-16
wilkerbrice12
7:06 Loom
9:34 Feudal Age
10:36 Double-Bit Axe
Mycorrhizal
6:54 Loom
9:40 Feudal Age
10:17 Double-Bit Axe
10:50 Horse Collar
HaRo23
8:37 Loom
10:45 Feudal Age
14:39 Castle Age
13:35 Double-Bit Axe
15:22 Fletching
DarkAgeMeta
6:31 Loom
Noteblut
7:53 Loom
10:05 Feudal Age
NoLoomPolicy
10:31 Feudal Age
12:05 Loom
15:01 Castle Age
Connection lost

Rejoining the realm…

Still unreachable

The connection could not be restored.

Session expired

The server has moved on; the page needs a fresh start.